 Dungeon Crawl Stone Soup version 0.30.0-10-gfe55d96785 (webtiles) character file.

Game seed: 3269095523859244117

60 zlionsfan the Cutter (level 3, 0/18 HPs)
             Began as a Spriggan Reaver on May 13, 2023.
             Was a Believer of Fedhas.
             Slain by a worm (8 damage)
             ... on level 2 of the Dungeon.
             The game lasted 00:06:26 (1915 turns).

zlionsfan the Cutter (Spriggan Reaver)              Turns: 1915, Time: 00:06:26

Health: 0/18       AC:  2    Str:  8    XL:     3   Next: 80%
Magic:  7/8        EV: 17    Int: 16    God:    Fedhas [**....]
Gold:   84         SH:  0    Dex: 13    Spells: 6/8 levels left

rFire   . . .        a - +0 short sword
rCold   . . .        (no shield)
rNeg    . . .        b - +0 robe
rPois   .            (helmet restricted)
rElec   .            (no cloak)
rCorr   .            (gloves unavailable)
SInv    +            (boots unavailable)
Will    .....        (no amulet)
Stlth   +            c - ring of flight
HPRegen 0.23/turn    (no ring)
MPRegen 0.11/turn

%: no passive effects
@: flying, very quick
A: very small, no large weapons, unfitting armour, see invisible, speed 3
a: Renounce Religion, Wall of Briars


You were on level 2 of the Dungeon.
You worshipped Fedhas.
Fedhas was pleased with you.
You visited 1 branch of the dungeon, and saw 2 of its levels.

You collected 84 gold pieces.

Inventory:

Hand Weapons
 a - a +0 short sword (weapon)
Missiles
 f - 2 boomerangs (quivered)
Armour
 b - a +0 robe (worn)
Magical Staves
 d - a staff of conjuration
Jewellery
 c - a ring of flight (left hand)
Scrolls
 g - a scroll of identify {unknown}
 j - a scroll of vulnerability {unknown}
 k - a scroll of fear {unknown}
 o - a scroll of enchant weapon {unknown}
 p - a scroll of noise {unknown}
Potions
 e - 3 potions of berserk rage {unknown}
 h - a potion of lignification {unknown}
 i - a potion of flight {unknown}
 l - a potion of might {unknown}
 m - 2 potions of curing {unknown}
 n - a potion of brilliance {unknown}
 q - a potion of mutation {unknown}


   Skills:
 * Level 1.8 Fighting
 * Level 4.0 Short Blades
 + Level 0.6 Throwing
 + Level 2.9 Dodging
 + Level 0.5 Stealth
 * Level 3.3 Spellcasting
 + Level 2.4 Conjurations
 + Level 0.3 Ice Magic


You had 6 spell levels left.
You knew the following spells:

 Your Spells              Type           Power      Damage    Failure   Level
a - Kiss of Death         Conj/Necr      24%        2d7       11%         1
b - Freeze                Ice            12%        1d3       16%         1

Your spell library contained the following spells:

 Spells                   Type           Power      Damage    Failure   Level
 Momentum Strike          Conj/Tloc      12%        3d8       17%         2
 Hailstorm                Conj/Ice       7%         3d4       30%         3


Dungeon Overview and Level Annotations

Branches:
Dungeon (2/15)

Altars:
Fedhas
Ru


Innate Abilities, Weirdness & Mutations

You are very small and have problems with some larger weapons.
You are too small for most types of armour.
You have supernaturally acute eyesight. (SInv)
You cover ground extremely quickly. (Speed+++)


Message History

The worm is severely wounded.
Throw: 2 boomerangs
Press: ? - help, Q - select action, (/) - cycle Shift-Dir - straight line, f/p - worm
Aim: a worm (heavily wounded, 76% to hit)
You throw a boomerang.
The boomerang completely misses the worm.
Throw: 2 boomerangs
Press: ? - help, Q - select action, (/) - cycle Shift-Dir - straight line, f/p - worm
Aim: a worm (heavily wounded, 76% to hit)
You throw a boomerang. The boomerang barely misses the worm.
Throw: 2 boomerangs
Press: ? - help, Q - select action, (/) - cycle Shift-Dir - straight line, f/p - worm
Aim: a worm (heavily wounded, 76% to hit)
You throw a boomerang. The boomerang hits the worm.
The worm is heavily wounded.
Throw: 2 boomerangs
Press: ? - help, Q - select action, (/) - cycle Shift-Dir - straight line, f/p - worm
Aim: a worm (heavily wounded, 76% to hit)
You throw a boomerang. The boomerang hits the worm.
The worm is severely wounded.
Throw: 2 boomerangs
Press: ? - help, Q - select action, (/) - cycle Shift-Dir - straight line, f/p - worm
Aim: a worm (severely wounded, 76% to hit)
You throw a boomerang.
The boomerang completely misses the worm.
Casting: Freeze (safe; 16% risk of failure)
Confirm with . or Enter, or press ? or * to list all spells.
Aiming: Freeze (safe; 16% risk of failure)
Press: ? - help, Shift-Dir - straight line, f/p - worm
Aim: a worm (severely wounded)
You freeze the worm.
The worm is severely wounded.
The worm bites you.
You barely miss the worm.
The worm is severely wounded.
You barely miss the worm.
The worm is severely wounded.
The worm bites you!
You die...
Fedhas appreciates your contribution to the ecosystem.

###...###...## # #...# ##.##
#.>.###...###### ###########
###..............# #.........#
....#.###...####.# #.####.....
........##.## #.# #.####.....
#######.##.# #.# #......._..
#######.##.# #w# #..###.....
......#.##.# #@# #..# #.....
.####.#.##.# #.# #..# ####.# .#
#.#.##.# #.######..# #.# .#
#.#.##.# #......#..# #.. .#
#.#.##.# ######>#..# ### .#
#...##.##########.#..# # .#
#.####..............######### .#
#...........<..............##
.####.###############.#.######.##


You could see a worm.

Vanquished Creatures
  An adder (D:2)
  3 worms (D:2)
  2 dart slugs
  An orc (D:2)
  2 bats
  3 endoplasms
  2 giant cockroaches (D:2)
  4 hobgoblins
  3 quokkas
  2 ball pythons
  3 frilled lizards
  4 kobolds
  7 rats
37 creatures vanquished.

Notes
Turn   | Place    | Note
-------+----------+-------------------------------------------
     0 | D:1      | zlionsfan the Spriggan Reaver began the quest for the Orb.
     0 | D:1      | Reached XP level 1. HP: 10/10 MP: 5/5
    61 | D:1      | Found a faded altar of an unknown god.
    66 | D:1      | Got Plato's Disquisition on Graupel
    67 | D:1      | Prayed at the altar of an unknown god.
    67 | D:1      | Became a worshipper of Fedhas Madash
    67 | D:1      | Reached * piety under Fedhas
   194 | D:1      | Reached XP level 2. HP: 8/13 MP: 6/6
   215 | D:1      | Learned a level 1 spell: Freeze
  1358 | D:2      | Reached XP level 3. HP: 17/18 MP: 8/8
  1409 | D:2      | Reached ** piety under Fedhas
  1552 | D:2      | Found a sacrificial altar of Ru.
  1615 | D:2      | Reached skill level 4 in Short Blades
  1915 | D:2      | Slain by a worm

Illustrated notes

Levels and vault maps discovered:
D:1:      lightli_molten_gateway, layout_loops_ring,
          shapermc_ecumenical_altar_rom_forum, minmay_cut_off
D:2:      layout_loops_ring, basic_altar

Skill      XL: |  1  2  3 |
---------------+----------+-----
Spellcasting   | 3 |  3.3
Short Blades   | 4 |  4.0
Fighting       | |  1.8
Throwing       | |  0.6
Dodging        | |  2.9
Stealth        | |  0.5
Conjurations   | |  2.4
Ice Magic      | |  0.3

Action                     || total
---------------------------++-------
  Melee: Short sword       ||   141
         Punch             ||     2
  Throw: Boomerang         ||    34
   Cast: Kiss of Death     ||     1
         Freeze            ||    17
   Stab: Sleeping          ||     7
 Armour: Robe              ||     7
  Dodge: Dodged            ||    82
